 Dungeon Crawl Stone Soup version 0.31-a0-1074-g0b22e4e0f1 (webtiles) character file.

Game seed: 13354052919776122437

1678 Drazool the Changeling (level 9, -6/62 HPs)
             Began as an Octopode Shapeshifter on Dec 7, 2023.
             Was an Initiate of Ru.
             Killed from afar by an acid dragon (32 damage)
             ... with a splash of acid
             ... on level 6 of the Dungeon on Dec 8, 2023.
             The game lasted 00:18:03 (5735 turns).

Drazool the Changeling (Octopode Shapeshifter)      Turns: 5735, Time: 00:18:04

Health: -6/62      AC: -3    Str: 17    XL:     9   Next: 1%
Magic:  9/9        EV: 14    Int: 13    God:    Ru [......]
Gold:   348        SH:  0    Dex: 11    Spells: 8/8 levels left

rFire   . . .        a - +6 mace of Moesin {vamp, rPois}
rCold   + . .        (no shield)
rNeg    . . .        (helmet currently unavailable)
rPois   +            s - amulet of regeneration
rElec   .            C - ring of protection from cold
rCorr   .            (no ring)
SInv    .            (no ring)
Will    .....        (no ring)
Stlth   ++           (no ring)
HPRegen 1.10/turn    (no ring)
MPRegen 0.11/turn    (no ring)
                     (no ring)

%: no passive effects
@: beast-form, corroded
A: beast (slay +4), almost no armour, amphibious, 8 rings, camouflage 1,
gelatinous body 1, (nimble swimmer 1), tentacles
a: Begin Untransformation, Renounce Religion


You were on level 6 of the Dungeon.
You worshipped Ru.
Ru was noncommittal.
You were a hulking beast.
You visited 2 branches of the dungeon, and saw 7 of its levels.
You also visited: Ossuary.

You collected 348 gold pieces.


Innate Abilities, Weirdness & Mutations

You are a hulking beast.
Your limbs bulge with bestial killing power. (Slay +4)
You cannot wear most types of armour.
You are amphibious.
You can wear up to eight rings at the same time.
Your skin changes colour to match your surroundings (Stealth+).
Your rubbery body absorbs attacks. (AC +1, EV +1)
((You are camouflaged when in or above water. (Stealth+)))
You have tentacles for arms and can constrict up to eight enemies at once.


   Skills:
 + Level 5.7 Fighting
 * Level 5.0 Dodging
 + Level 5.4 Unarmed Combat
 - Level 7.0 Shapeshifting


You had 8 spell levels left.
You didn't know any spells.
Your spell library contained the following spells:

 Spells                   Type           Power      Damage    Failure   Level
 Cigotuvi's Dreadful Rot  Necr/Pois/Air  0%         N/A       43%         2
 Ignite Poison            Fire/Tmut/Pois 0%         N/A       67%         3
 Freezing Cloud           Conj/Ice/Air   0%         6-21      100%        5

Inventory:

Hand Weapons
 a - the +6 mace of Moesin (weapon) {vamp, rPois}
   (You found it on level 5 of the Dungeon)

   rPois:     It protects you from poison
Missiles
 d - 2 throwing nets {=f}
 j - 13 poisoned darts (quivered)
Jewellery
 r - an amulet of the acrobat
 s - an amulet of regeneration (around mantle)
 C - a ring of protection from cold (left tentacle)
Talismans
 b - a beast talisman (active)
 c - a flux talisman
 e - a talisman of death
Scrolls
 g - 2 scrolls of fog
 h - 5 scrolls of teleportation {@r2}
 i - 3 scrolls of noise
 l - a scroll of amnesia
 o - a scroll of blinking
 q - a scroll of immolation
 t - a scroll of identify {@r1}
Potions
 f - a potion of heal wounds {@q2}
 k - 2 potions of enlightenment {unknown}
 m - 2 potions of resistance
 n - 2 potions of attraction
 p - a potion of degeneration {unknown}
 u - a potion of might {unknown}

Dungeon Overview and Level Annotations

Branches:
Dungeon (6/15)             Temple (1/1) D:6         Ossuary (visited)

Altars:
Ashenzari
Cheibriados
Dithmenos
Elyvilon
Gozag
Hepliaklqana
Kikubaaqudgha
Makhleb
Okawaru
Qazlal
Ru
Sif Muna
Trog
Uskayaw
Vehumet
Wu Jian
Xom
Yredelemnul
Zin
The Shining One

Annotations:
D:2 Sigmund

#.#.# #.# #.#.#
#.#
#.#.#########.####
#.#..........>....
#.################
#...######
#........#
#........#
#h##.....#
#D##.....#
.s.#.....#
....+.....#
#....#.....#
#....####'## #
#....# #.###.#
#....####.....###
#...........


You could see an acid dragon (catching breath) and a scorpion.


Message History

The acid dragon is almost dead.
The acid dragon closely misses you. The acid dragon claws you.
You closely miss the acid dragon.
The acid dragon is almost dead.
The acid dragon misses you. The acid dragon closely misses you.
The acid dragon spits acid at you. The splash of acid hits you!!
The acid corrodes you!
You hit the acid dragon.
You feel better.
The acid dragon is almost dead.
The acid dragon closely misses you. The acid dragon barely misses you.
You hit the acid dragon but do no damage.
The acid dragon is almost dead.
The acid dragon barely misses you. The acid dragon claws you.
The acid dragon barely misses you. The acid dragon claws you.
* * * LOW HITPOINT WARNING * * *
You barely miss the acid dragon.
The acid dragon is almost dead.
The acid dragon bites you!
* * * LOW HITPOINT WARNING * * *
The acid dragon completely misses you.
You barely miss the acid dragon. Your squeeze misses the acid dragon.
The acid dragon is almost dead.
The acid dragon spits acid at you. The splash of acid hits you!
* * * LOW HITPOINT WARNING * * *
You feel much better. The acid dragon spits acid at you.
The splash of acid hits you!!
Ouch! That really hurt!
You die...

Skill      XL: |  1  2  3  4  5  6  7  8 |
---------------+-------------------------+-----
Unarmed Combat | 4 5 |  5.4
Shapeshifting  | 4 6 7 |  7.0
Fighting       | 4 5 |  5.7
Dodging        | 5 |  5.0

Action                     |  1- 3 |  4- 6 |  7- 9 || total
---------------------------+-------+-------+-------++-------
  Melee: Unarmed           |    61 |   171 |    23 ||   255
         Tentacles         |    10 |    33 |    18 ||    61
         Constrict         |    20 |    57 |    24 ||   101
         Punch             |     3 |     4 |     3 ||    10
         Mace              |       |       |   104 ||   104
  Throw: Dart              |       |       |     6 ||     6
    Use: Potion            |     1 |     3 |     2 ||     6
         Scroll            |       |     9 |     1 ||    10
   Stab: Sleeping          |     3 |    10 |     2 ||    15
         Invisible         |     2 |     2 |       ||     4
         Distracted        |       |     1 |       ||     1
 Armour: Skin              |    19 |    64 |    69 ||   152
  Dodge: Dodged            |    42 |    73 |    88 ||   203
   Form: Beast             |     1 |       |     1 ||     2
                           |       |       |     1 ||     1
         Flux              |       |       |     1 ||     1

Levels and vault maps discovered:
D:1:      dreamdust_arrival_beginning_and_end, layout_basic
D:2:      layout_basic, uniq_robin, uniq_sigmund
D:3:      layout_loops_corners, minivault_27
D:4:      layout_basic, gup_ossuary_entry_pyramid, minmay_ruptured
D:5:      layout_loops_ring
D:6:      layout_basic, nicolae_tso_besieged_by_evil, temple_doors_ab,
          nicolae_figureground_sparkle
Temple:   nicolae_temple_bog_church

Notes
Turn   | Place    | Note
-------+----------+-------------------------------------------
     0 | D:1      | Drazool the Octopode Shapeshifter began the quest for the
                  | Orb.
     0 | D:1      | Reached XP level 1. HP: 13/13 MP: 1/1
    55 | D:1      | Reached XP level 2. HP: 18/18 MP: 2/2
   260 | D:1      | Reached skill level 4 in Unarmed Combat
   354 | D:1      | Reached XP level 3. HP: 23/23 MP: 3/3
   641 | D:2      | Noticed Robin
   654 | D:2      | Killed Robin
   655 | D:2      | Reached XP level 4. HP: 20/28 MP: 4/4
  1072 | D:2      | Noticed Sigmund
  1617 | D:3      | Reached XP level 5. HP: 31/34 MP: 5/5
  2088 | D:3      | Identified a scarf of resistance
  2190 | D:3      | Reached skill level 4 in Shapeshifting
  2586 | D:4      | Found a sand-covered staircase.
  2596 | Ossuary  | Entered an ossuary
  2727 | Ossuary  | Reached XP level 6. HP: 39/39 MP: 6/6
  2783 | Ossuary  | Reached skill level 5 in Shapeshifting
  3273 | D:4      | Identified 2 potions of resistance
  3397 | D:4      | Reached skill level 6 in Shapeshifting
  3397 | D:4      | Reached XP level 7. HP: 44/44 MP: 7/7
  3619 | D:5      | Entered Level 5 of the Dungeon
  3663 | D:5      | Identified the +6 mace of Moesin {vamp, rPois}
  3860 | D:5      | Reached skill level 7 in Shapeshifting
  3860 | D:5      | Reached skill level 2 in Fighting
  3862 | D:5      | Reached skill level 3 in Fighting
  4556 | D:6      | Reached skill level 4 in Fighting
  4556 | D:6      | Reached XP level 8. HP: 54/54 MP: 8/8
  4841 | D:6      | Found a staircase to the Ecumenical Temple.
  4850 | Temple   | Entered the Ecumenical Temple
  4870 | Temple   | Became a worshipper of Ru the Awakened
  4992 | D:6      | Reached skill level 5 in Fighting
  4992 | D:6      | Reached skill level 3 in Dodging
  5200 | D:6      | Found a glowing golden altar of the Shining One.
  5210 | D:6      | Reached skill level 5 in Unarmed Combat
  5249 | D:6      | Reached skill level 4 in Dodging
  5583 | D:6      | Reached skill level 5 in Dodging
  5583 | D:6      | Reached XP level 9. HP: 51/62 MP: 9/9
  5734 | D:6      | HP: 2/62 [acid dragon/splash of acid (17)]
  5735 | D:6      | Killed from afar by an acid dragon

Vanquished Creatures
  A black bear (D:6)
  An ice beast (D:6)
  A sky beast (D:6)
  An elf zombie (Ossuary)
  A phantom (D:6)
  4 scorpions
  4 wights (D:6)
  A killer bee (D:4)
  4 jellies
  An orc priest (D:6)
  A gnoll bouda (D:6)
  2 hounds
  A human zombie (Ossuary)
  An iron imp (D:6)
  2 iguanas (D:4)
  2 orc wizards
  3 mummies
  Robin (D:2)
  5 adders
  8 gnolls
  2 shadow imps (D:6)
  3 worms (D:2)
  2 adder zombies (Ossuary)
  4 dart slugs
  22 orcs
  8 ball pythons
  7 endoplasms
  2 giant cockroaches
  10 hobgoblins
  9 jackals
  2 kobolds (D:1)
  3 quokkas
  6 bats
  A frilled lizard (D:2)
  15 goblins
  2 goblin skeletons (D:6)
  A goblin zombie (D:6)
  15 hobgoblin zombies
  7 kobold zombies (Ossuary)
  An orc skeleton (D:6)
  11 orc zombies
  5 rats
  3 rat zombies (Ossuary)
186 creatures vanquished.

Table legend: (Time is in decaauts)
 A = Elapsed time spent in this place.
 B = Non-inter-level travel time spent in this place.
 C = Inter-level travel time spent in this place.
 D = Time resting spent in this place.
 E = Time spent auto-exploring this place.
 F = Levels seen in this place.
 G = Mean time per level.
                   A        B        C        D        E       F      G
               +--------+--------+--------+--------+--------+-----+--------+
         Total |   5753 |   5530 |    223 |    107 |   4123 |   8 |  719.1 |
       Dungeon |   5354 |   5170 |    184 |    107 |   3951 |   6 |  892.3 |
        Temple |     40 |      1 |     39 |      0 |      0 |   1 |   40.0 |
       Ossuary |    358 |    358 |      0 |      0 |    172 |   1 |  358.0 |
               +--------+--------+--------+--------+--------+-----+--------+

Top non-repeatable levels by time:
     D:6: 1184 daAuts
     D:2: 1045 daAuts
     D:5: 929 daAuts
     D:4: 867 daAuts
     D:3: 832 daAuts
     D:1: 495 daAuts
 Ossuary: 358 daAuts
  Temple: 40 daAuts

Table legend:
 A = Non-vault XP
 B = Vault XP
 C = Vault XP percentage of total XP
 D = Non-vault monster count
 E = Vault monster count
 F = Vault count percentage of total count
                 A         B        C        D         E       F
            +---------+---------+-------+---------+---------+-------
      Total |    2009 |     389 |  16.2 |     127 |      59 |  31.7
            +---------+---------+-------+---------+---------+-------
        D:1 |      38 |       0 |   0.0 |      21 |       0 |   0.0
        D:2 |      85 |      28 |  24.8 |      29 |       7 |  19.4
        D:3 |      82 |       0 |   0.0 |      17 |       0 |   0.0
        D:4 |     148 |      91 |  38.1 |      13 |       5 |  27.8
        D:5 |     492 |       0 |   0.0 |      16 |       0 |   0.0
        D:6 |    1164 |      47 |   3.9 |      31 |       8 |  20.5
    Ossuary |       0 |     223 | 100.0 |       0 |      39 | 100.0
            +---------+---------+-------+---------+---------+-------
